 Dungeon Crawl Stone Soup version 0.31.0-11-ge490571c62 (webtiles) character file.

Game seed: 5959109253006647556

109 qw the Skirmisher (level 4, -2/25 HPs)
             Began as a Deep Elf Hunter on Feb 3, 2024.
             Killed from afar by an orc wizard (6 damage)
             ... with a puff of flame
             ... on level 3 of the Dungeon.
             The game lasted 00:00:08 (1736 turns).

qw the Skirmisher (Deep Elf Hunter)                 Turns: 1736, Time: 00:00:08

Health: -2/25      AC:  7    Str: 10    XL:     4   Next: 60%
Magic:  6/6        EV:  9    Int: 14    God:
Gold:   140        SH:  0    Dex: 18    Spells: 3/3 levels left

rFire   . . .        a - +0 shortbow
rCold   . . .        (shield currently unavailable)
rNeg    . . .        d - +0 scale mail
rPois   .            (no helmet)
rElec   .            b - +0 cloak
rCorr   .            (no gloves)
SInv    .            (no boots)
Will    .....        e - amulet of faith
Stlth   +            (no ring)
HPRegen 0.24/turn    (no ring)
MPRegen 0.10/turn

%: faith
@: no status effects
A: no striking features
a: no special abilities


You were on level 3 of the Dungeon.
You visited 1 branch of the dungeon, and saw 3 of its levels.

You collected 140 gold pieces.


   Skills:
 - Level 1.5 Fighting
 + Level 8.0 Ranged Weapons
 - Level 2.4 Dodging
 - Level 1.2 Stealth


You had 3 spell levels left.
You didn't know any spells.
Your spell library was empty.

Inventory:

Hand Weapons
 a - a +0 shortbow (weapon)
Armour
 b - a +0 cloak (worn)
 d - a +0 scale mail (worn)
Jewellery
 e - an amulet of faith (around neck)
Scrolls
 c - a scroll of vulnerability {unknown}
 f - a scroll of teleportation {unknown}
 g - a scroll of enchant weapon {unknown}
Potions
 h - a potion of mutation

Dungeon Overview and Level Annotations

Branches:
Dungeon (3/15)

Altars:

Shops:
D:2 (


Message History

Something hits you. Something hits you but does no damage.
Something hits you but does no damage.
You feel less confused.
An orc wizard appears from thin air!
Reactivating autopickup.
The orc wizard closely misses you.
You shoot an arrow.
The arrow hits the orc wizard but does no damage.
The orc wizard closely misses you.
You shoot an arrow.
The arrow closely misses the orc wizard.
The arrow hits the frilled lizard!
You kill the frilled lizard!
The orc wizard completely misses you.
You shoot an arrow.
The arrow closely misses the orc wizard.
The arrow closely misses the orc.
The arrow hits the rat.
You kill the rat!
The orc wizard hits you with a +0 dagger.
The orc wizard casts a spell at you.
You are confused.
The orc wizard barely misses you.
The orc wizard hits you with a +0 dagger.
The orc wizard hits you but does no damage.
The orc wizard hits you but does no damage.
The orc wizard closely misses you.
You feel less confused.
The orc wizard hits you with a +0 dagger.
You shoot an arrow.
The arrow closely misses the orc wizard.
The arrow hits the orc.
The orc is severely wounded.
The orc wizard gestures at you while chanting.
The puff of flame hits you!
You shoot an arrow. The arrow hits the orc wizard!
The orc wizard is heavily wounded.
The orc wizard casts a spell at you. The puff of flame hits you.
You die...

.~ .. #. ####o
~..#. ..o
~~~P.. #)#
7~P.P# #.#
~~~PP#
########.#
77~~~#
#....@oo.#
7~~P~#
#%########
~~P.~#######.#
PPPP#........#
P..#.#########
..#.## .#.##
##.# #.#


You could see an orc wizard and an orc.

Vanquished Creatures
  3 adders
  4 dart slugs (D:2)
  A ribbon worm (D:2)
  2 orcs (D:3)
  7 bats
  4 endoplasms
  3 giant cockroaches
  7 goblins
  3 hobgoblins
  7 jackals
  3 kobolds
  2 quokkas
  9 ball pythons
  4 frilled lizards
  6 rats
65 creatures vanquished.

Notes
Turn   | Place    | Note
-------+----------+-------------------------------------------
     0 | D:1      | qw the Deep Elf Hunter began the quest for the Orb.
     0 | D:1      | Reached XP level 1. HP: 12/12 MP: 3/3
     0 | D:1      | 0 ||| qw: Version: 0.3-a-158-g18b3111
     0 | D:1      | 0 ||| qw: Game counter: 4125
     0 | D:1      | 0 ||| qw: Melee chars always use a shield: true
     0 | D:1      | 0 ||| qw: God list: Okawaru
     0 | D:1      | 0 ||| qw: Allow faded altars: false
     0 | D:1      | 0 ||| qw: Do Orc after clearing Dungeon:15 true
     0 | D:1      | 0 ||| qw: Do second Lair branch before Depths: true
     0 | D:1      | 0 ||| qw: Lair rune preference: random
     0 | D:1      | 0 ||| qw: Goals: Normal
     0 | D:1      | 0 ||| PLANNING D:1-11
    73 | D:1      | Reached XP level 2. HP: 16/16 MP: 4/4
    75 | D:1      | Reached skill level 6 in Ranged Weapons
   750 | D:1      | 750 ||| UPGRADING to +0 scale mail.
   760 | D:1      | 760 ||| DROPPING +0 leather armour.
   761 | D:1      | 761 ||| UPGRADING to amulet of faith.
   766 | D:1      | 766 ||| READING scroll labelled LAJUYL OTOCRAL.
   767 | D:1      | 767 ||| READING scroll labelled GAEGGE LAGI.
   768 | D:1      | 768 ||| DROPPING scroll of butterflies.
   796 | D:2      | Reached XP level 3. HP: 20/20 MP: 5/5
   916 | D:2      | 916 ||| FLEEEEING.
   924 | D:2      | Reached skill level 7 in Ranged Weapons
   932 | D:2      | Identified the +8 spear of the Tundras {antimagic, Stlth+}
   988 | D:2      | Found a faded altar of an unknown god.
  1099 | D:2      | Reached XP level 4. HP: 25/25 MP: 6/6
  1122 | D:2      | Found Jiryzxib's Weapon Emporium.
  1329 | D:2      | 1329 ||| UPGRADING to +0 cloak.
  1334 | D:2      | 1334 ||| READING scroll labelled ETWYEHU QOYQIE.
  1334 | D:2      | 1334 ||| IDENTIFYING metallic cyan potion
  1335 | D:2      | 1335 ||| DRINKING 2 glowing blue potions.
  1361 | D:2      | 1361 ||| DROPPING potion of lignification.
  1704 | D:3      | Reached skill level 8 in Ranged Weapons
  1705 | D:3      | 1705 ||| FLEEEEING.
  1706 | D:3      | 1706 ||| FLEEEEING.
  1707 | D:3      | 1707 ||| FLEEEEING.
  1719 | D:3      | 1719 ||| FLEEEEING.
  1735 | D:3      | HP: 3/25 [orc wizard/puff of flame (7)]
  1736 | D:3      | Killed from afar by an orc wizard

Levels and vault maps discovered:
D:1:      minmay_arrival_open_corners, layout_basic
D:2:      layout_rooms, serial_shops, nicolae_shop_rolling_square,
          shapermc_ecumenical_altar_mp_vishouse
D:3:      layout_loops_ring, led_sif_book, serial_bayou, serial_bayou_pond_d,
          serial_bayou_pond_e, serial_bayou_lagoon_a, serial_bayou_pond_c,
          serial_bayou_pond_d, serial_bayou_shore_b

Skill      XL: |  1  2  3  4 |
---------------+-------------+-----
Ranged Weapons | 6 7 8 |  8.0
Fighting       | |  1.5
Dodging        | |  2.4
Stealth        | |  1.2

Action                     |  1- 3 |  4- 6 || total
---------------------------+-------+-------++-------
   Fire: Shortbow          |   119 |    70 ||   189
    Use: Scroll            |     2 |     1 ||     3
         Potion            |       |     1 ||     1
 Armour: Leather armour    |     8 |       ||     8
         Scale mail        |    28 |    47 ||    75
  Dodge: Dodged            |    36 |    27 ||    63

Table legend:
 A = Non-vault XP
 B = Vault XP
 C = Vault XP percentage of total XP
 D = Non-vault monster count
 E = Vault monster count
 F = Vault count percentage of total count
                 A         B        C        D         E       F
            +---------+---------+-------+---------+---------+-------
      Total |     157 |       0 |   0.0 |      65 |       0 |   0.0
            +---------+---------+-------+---------+---------+-------
        D:1 |      39 |       0 |   0.0 |      23 |       0 |   0.0
        D:2 |      81 |       0 |   0.0 |      28 |       0 |   0.0
        D:3 |      37 |       0 |   0.0 |      14 |       0 |   0.0
            +---------+---------+-------+---------+---------+-------
